 Dungeon Crawl Stone Soup version 0.30.0-20-g3615ddf2f0 (webtiles) character file.

Game seed: 2101497720520841760

35088 qw the Cleaver (level 13, -31/84 HPs)
             Began as a Gargoyle Fighter on May 29, 2023.
             Was a High Priest of Okawaru.
             Annihilated by Rupert
             ... wielding a +2 heavy battleaxe
              (47 damage)
             ... on level 3 of the Lair of Beasts.
             The game lasted 00:07:29 (13262 turns).

qw the Cleaver (Gargoyle Fighter)                  Turns: 13262, Time: 00:07:29

Health: -31/84     AC: 35    Str: 24    XL:     13   Next: 81%
Magic:  14/20      EV: 10    Int: 16    God:    Okawaru [*****.]
Gold:   767        SH:  0    Dex: 11    Spells: 12/12 levels left

rFire   . . .        z - +16 obsidian axe {drain, demonic, Mesm Drain Fly SInv}
rCold   . . .        c - +0 buckler
rNeg    + . .        q - +0 plate armour
rPois   inf          f - +0 helmet {Int+3}
rElec   +            o - +2 cloak "Kegi" {Int+3 Dex+2}
rCorr   .            r - +0 pair of gloves
SInv    +            b - +0 pair of boots
Will    .....        i - amulet of the acrobat Stlth
                     v - +5 ring of evasion
HPRegen 0.34/turn    t - +4 ring of slaying {mikee}
MPRegen 0.17/turn

%: acrobat
@: about to teleport, heroic, finesse-ful, flying, mesmerised, held
A: sickness immunity, AC +9, negative energy resistance 1, electricity
resistance, torment resistance 1, petrification resistance, wild magic 1
a: Renounce Religion, Heroism, Finesse, Duel


You were on level 3 of the Lair of Beasts.
You worshipped Okawaru.
Okawaru was extremely pleased with you.
You visited 3 branches of the dungeon, and saw 15 of its levels.
You also visited: Sewer and Ossuary.

You collected 1182 gold pieces.
You spent 415 gold pieces at shops.


Innate Abilities, Weirdness & Mutations

You are immune to sickness and miasma.
Your stone body is resilient. (AC +9)
You are immune to poison.
You resist negative energy. (rN+)
You are resistant to electric shocks. (rElec)
You are resistant to unholy torment.
You are immune to petrification.
Your spells are a little harder to cast, but a little more powerful.


   Skills:
 - Level 11.0(16.0) Fighting
 + Level 14.1(19.1) Axes
 - Level 1.6(6.6) Throwing
 - Level 11.0(16.0) Armour
 - Level 3.0(8.0) Dodging
 - Level 7.1(12.1) Shields
 - Level 10.0 Invocations


You had 12 spell levels left.
You didn't know any spells.
Your spell library was empty.

Inventory:

Hand Weapons
 h - a +1 flail of protection
 z - the +16 obsidian axe (weapon) {drain, demonic, Mesm Drain Fly SInv}
   (You found it on level 2 of the Lair of Beasts)

   Mesm:      Its wielder is mesmerised by any visible foes, and it cannot be
   unequipped while any foes are visible.
   SInv:      It lets you see invisible.
   Fly:       It grants you flight.
   Drain:     It drains your maximum health when unequipped.
Armour
 b - a +0 pair of boots (worn)
 c - a +0 buckler (worn)
 f - a +0 helmet of intelligence (worn)
 o - the +2 cloak "Kegi" (worn) {Int+3 Dex+2}
   (You acquired it on level 4 of the Dungeon)

   Int:       It affects your intelligence (+3).
   Dex:       It affects your dexterity (+2).
 q - a +0 plate armour (worn)
 r - a +0 pair of gloves (worn)
Jewellery
 i - an amulet of the acrobat (around neck)
 t - a +4 ring of slaying (right hand) {mikee}
 v - a +5 ring of evasion (left hand)
 Y - a ring of protection from fire
Scrolls
 a - 8 scrolls of teleportation
 k - a scroll of enchant weapon
 l - 5 scrolls of identify
 w - a scroll of silence {unknown}
Potions
 d - 4 potions of might
 e - 2 potions of mutation
 g - 5 potions of curing
 j - 5 potions of haste
 m - a potion of cancellation
 n - 2 potions of lignification
 p - 2 potions of heal wounds
 s - 3 potions of attraction
 u - 2 potions of resistance

Dungeon Overview and Level Annotations

Branches:
Dungeon (11/15)            Temple (1/1) D:6            Lair (3/5) D:11
 Shoals (0/4) Lair:3       Spider (0/4) Lair:3          Orc (0/2) D:10
  Sewer (visited)         Ossuary (visited)

Altars:
Ashenzari
Cheibriados
Dithmenos
Elyvilon
Fedhas
Gozag
Hepliaklqana
Kikubaaqudgha
Makhleb
Nemelex Xobeh
Okawaru
Qazlal
Ru
Sif Muna
Uskayaw
Vehumet
Wu Jian
Xom
Yredelemnul
Zin
The Shining One

Shops:
D:6 (   D:7 =

Annotations:
D:4 3 runed translucent doors, qw's ghost, amateur GrFi
Lair:3 Rupert


Message History

Enter note:
Enter note:
Enter note:
Enter note:
Enter note:
Enter note:
Enter note:
Enter note:
Enter note:
Enter note:
Enter note:
Enter note: The jumping spider closely misses you.
The jumping spider bites you but does no damage.
The jumping spider leaps!
Visions of slaying Rupert flood into your mind.
The jumping spider leaps!
Rupert roars madly and goes into a rage!
Rupert goes berserk!
Visions of slaying the jumping spider flood into your mind.
The jumping spider barely misses you.
The jumping spider bites you but does no damage.
The jumping spider leaps!
Visions of slaying Rupert flood into your mind.
Rupert hits you but does no damage.
Rupert hits you with a +2 heavy battleaxe!!!
The jumping spider leaps! x2
Rupert hits you but does no damage.
Rupert hits you with a +2 heavy battleaxe!!
The jumping spider closely misses you.
The jumping spider bites you but does no damage.
The jumping spider barely misses you.
The jumping spider bites you but does no damage.
13262 ||| READING 9 scrolls of teleportation.
As you read the scroll of teleportation, it crumbles to dust.
You feel strangely unstable.
Visions of slaying the jumping spider flood into your mind.
Rupert hits you with a +2 heavy battleaxe!!!
Ouch! That really hurt!
You die...

##....######.....#.###...~
#.................#.#..>.~
##.........!.....#^#.#...~
##..........%#.#######.##
##.....?....##^#^#^#.##
##.........###.#.#.##
##..#.....# ##.####
####.....# ### #@s...#
#.@..#.# #.....## #....##
#...## #...# #.... #...#


You could see Rupert (berserk) and a jumping spider (mesmerising).

Vanquished Creatures
  A hydra (Lair:2)
  A catoblepas (Lair:1)
  2 centaur warriors (D:10)
  6 death yaks
  4 two-headed ogres
  A bog body (Lair:3)
  Pikel (D:8)
  A deep elf pyromancer (D:10)
  An ugly thing (D:10)
  11 elephants
  A black mamba (Lair:1)
  7 cane toads
  Maurice (D:8)
  A gargoyle (D:11)
  An unseen horror (D:11)
  Maggie (D:8)
  3 rime drakes
  4 komodo dragons
  A torpor snail (Lair:3)
  2 ice devils (Lair:3)
  2 polar bears (Lair:3)
  A queen bee (Lair:1)
  A troll (D:10)
  Prince Ribbit (D:6)
  3 blink frogs (Lair:1)
  2 jumping spiders (Lair:3)
  6 dream sheep (Lair:3)
  2 vampires (D:11)
  Sigmund (D:2)
  A shadow (D:9)
  2 wraiths
  23 yaks
  Eustachio (D:6)
  A redback (Lair:3)
  A steam dragon (D:7)
  2 death yak simulacra (Lair:3)
  Menkaure (D:6)
  2 vampire mosquitoes (D:10)
  An acid dragon (D:10)
  7 water moccasins
  3 orc warriors
  A black bear (D:6)
  2 ogres
  A phantom (D:6)
  16 wolves
  8 centaurs
  2 lemures (D:8)
  A kobold brigand (D:10)
  3 elf zombies (Ossuary)
  6 bullfrogs
  A gnoll sergeant (D:8)
  5 scorpions
  29 killer bees
  A howler monkey (D:8)
  5 electric eels (Lair:1)
  5 centaur zombies (Ossuary)
  2 lava snakes (Lair:1)
  3 jellies
  6 orc priests
  3 hounds
  4 human zombies (Ossuary)
  A gnoll bouda (D:6)
  2 sleepcaps
  A scorpion zombie (D:4)
  4 iguanas
  Natasha (thrice) (D:3)
  5 orc wizards
  2 spriggan simulacra (Lair:3)
  3 mummies (Ossuary)
  4 adders
  10 gnolls
  A naga simulacrum (Lair:3)
  3 shadow imps (D:6)
  A white imp (D:6)
  An ufetubus (D:7)
  An adder zombie (D:4)
  2 worms
  3 dart slugs (D:1)
  28 orcs
  11 bats
  9 endoplasms
  5 giant cockroaches
  13 goblins
  5 hobgoblins
  6 jackals
  17 kobolds
  7 quokkas
  11 ball pythons
  4 frilled lizards
  12 rats
  2 rat zombies (D:6)
396 creatures vanquished.

Vanquished Creatures (others)
  A spectral weapon (Lair:1)
1 creature vanquished.

Grand Total: 397 creatures vanquished

Notes
Turn   | Place    | Note
-------+----------+-------------------------------------------
     0 | D:1      | qw the Gargoyle Fighter began the quest for the Orb.
     0 | D:1      | Reached XP level 1. HP: 14/14 MP: 1/1
     0 | D:1      | 0 ||| qw: Version: 0.2-a-101-gf424e7f
     0 | D:1      | 0 ||| qw: Game counter: 347
     0 | D:1      | 0 ||| qw: Always use a shield: true
     0 | D:1      | 0 ||| qw: God list: Okawaru
     0 | D:1      | 0 ||| qw: Allow faded altars: false
     0 | D:1      | 0 ||| qw: Do Orc after D:15 true
     0 | D:1      | 0 ||| qw: Do second Lair branch before Depths: true
     0 | D:1      | 0 ||| qw: Lair rune preference: random
     0 | D:1      | 0 ||| qw: Plans: Normal, Zot:1-4, Slime:5, God:TSO, Crypt,
                  | Tomb, Pan, Hells, Abyss, Win
     0 | D:1      | 0 ||| PLANNING D:1-11
    17 | D:1      | Reached skill level 2 in Axes
    29 | D:1      | Reached XP level 2. HP: 14/19 MP: 2/2
   158 | D:1      | Reached skill level 3 in Axes
   168 | D:1      | 168 ||| Stepping ~*~*~tactically~*~*~ (stealth).
   172 | D:1      | 172 ||| Stepping ~*~*~tactically~*~*~ (stealth).
   185 | D:1      | Reached XP level 3. HP: 23/23 MP: 3/3
   198 | D:1      | 198 ||| Stepping ~*~*~tactically~*~*~ (stealth).
   252 | D:1      | 252 ||| Stepping ~*~*~tactically~*~*~ (hiding).
   524 | D:1      | 524 ||| UPGRADING to +0 chain mail.
   534 | D:1      | 534 ||| DROPPING +0 scale mail.
   535 | D:1      | 535 ||| READING scroll labelled PEARAMAMO.
   539 | D:1      | 539 ||| READING 2 scrolls labelled XATHRU FYT ERA.
   540 | D:1      | 540 ||| READING scroll of enchant weapon.
   540 | D:1      | 540 ||| ENCHANTING +1 war axe.
   541 | D:1      | 541 ||| READING 2 scrolls labelled RIPSU RAHIYPN.
   542 | D:1      | 542 ||| READING scroll of brand weapon.
   542 | D:1      | 542 ||| BRANDING +2 war axe of draining.
   543 | D:1      | 543 ||| READING 3 scrolls labelled XIHEOCR ABIHO.
   544 | D:1      | 544 ||| READING scroll labelled AMASUR RONLUJ.
   545 | D:1      | 545 ||| READING 2 scrolls of identify.
   545 | D:1      | 545 ||| IDENTIFYING amethyst potion
   546 | D:1      | 546 ||| DROPPING potion of brilliance.
   552 | D:2      | Found a blossoming altar of Fedhas.
   823 | D:2      | Noticed Sigmund
   837 | D:2      | Killed Sigmund
   838 | D:2      | Reached skill level 5 in Axes
   838 | D:2      | Reached XP level 4. HP: 17/28 MP: 4/4
   838 | D:2      | Reached XP level 5. HP: 19/32 MP: 5/5
   838 | D:2      | 838 ||| FLEEEEING.
   880 | D:2      | 880 ||| Stepping ~*~*~tactically~*~*~ (stealth).
   898 | D:2      | 898 ||| Stepping ~*~*~tactically~*~*~ (stealth).
   925 | D:2      | 925 ||| Stepping ~*~*~tactically~*~*~ (stealth).
   942 | D:2      | 942 ||| Stepping ~*~*~tactically~*~*~ (stealth).
   951 | D:2      | 951 ||| DROPPING +0 club.
  1045 | D:2      | Reached XP level 6. HP: 34/38 MP: 6/6
  1063 | D:2      | 1063 ||| Stepping ~*~*~tactically~*~*~ (hiding).
  1074 | D:2      | 1074 ||| DROPPING +0 whip.
  1575 | D:2      | 1575 ||| READING scroll of enchant weapon.
  1575 | D:2      | 1575 ||| ENCHANTING +2 spectral war axe.
  1709 | D:2      | Found a faded altar of an unknown god.
  1715 | D:2      | 1715 ||| READING scroll labelled JIASKE HOREURCH.
  1716 | D:2      | 1716 ||| READING scroll labelled ZOFUEL QOEFOFO.
  1717 | D:2      | 1717 ||| READING scroll labelled SUOFUAF GIL.
  1802 | D:3      | 1802 ||| Stepping ~*~*~tactically~*~*~ (stealth).
  1823 | D:3      | 1823 ||| Stepping ~*~*~tactically~*~*~ (hiding).
  1824 | D:3      | 1824 ||| Stepping ~*~*~tactically~*~*~ (hiding).
  1828 | D:3      | 1828 ||| Stepping ~*~*~tactically~*~*~ (hiding).
  1930 | D:3      | 1930 ||| Stepping ~*~*~tactically~*~*~ (stealth).
  1960 | D:3      | Noticed Natasha
  1963 | D:3      | Killed Natasha
  1969 | D:3      | Noticed Natasha
  1970 | D:3      | 1970 ||| Stepping ~*~*~tactically~*~*~ (hiding).
  1977 | D:3      | Killed Natasha
  2118 | D:3      | You fall into a shaft and drop 1 floor!
  2126 | D:4      | Found a runed translucent gate.
  2126 | D:4      | Found a runed translucent gate.
  2126 | D:4      | Found a runed translucent gate.
  2126 | D:4      | Noticed qw's ghost (amateur GrFi)
  2129 | D:4      | 2129 ||| PLANNING SEWER
  2129 | D:4      | 2129 ||| DRINKING 2 sedimented amethyst potions.
  2235 | D:4      | Found a basalt altar of Yredelemnul.
  2244 | D:4      | Reached skill level 6 in Axes
  2355 | D:4      | Reached skill level 1 in Dodging
  2443 | D:4      | Reached XP level 7. HP: 43/43 MP: 7/7
  2671 | D:4      | 2671 ||| READING scroll of enchant weapon.
  2671 | D:4      | 2671 ||| ENCHANTING +3 spectral war axe.
  2728 | D:4      | Found a glowing drain.
  2737 | D:4      | 2737 ||| UPGRADING to +1 hat.
  2742 | D:4      | 2742 ||| READING scroll labelled JIETOEZ QULL.
  2743 | D:4      | 2743 ||| READING scroll labelled PEWUSI NESM.
  2743 | D:4      | Identified a scroll of acquirement
  2743 | D:4      | 2743 ||| ACQUIRING +2 cloak "Kegi" {Int+3 Dex+2}
  2743 | D:4      | Acquired the +2 cloak "Kegi" {Int+3 Dex+2}
  2745 | D:4      | 2745 ||| UPGRADING to +2 cloak "Kegi" {Int+3 Dex+2}.
  2750 | D:4      | 2750 ||| READING scroll labelled TUEKIY QEKYS.
  2751 | D:4      | 2751 ||| DRINKING 2 viscous ruby potions.
  2751 | D:4      | Gained mutation: Your spells are a little harder to cast,
                  | but a little more powerful. [potion of mutation]
  2752 | D:4      | 2752 ||| DRINKING 2 pink potions.
  2753 | D:4      | 2753 ||| DRINKING 2 metallic golden potions.
  2754 | D:4      | 2754 ||| READING 4 scrolls of identify.
  2754 | D:4      | 2754 ||| IDENTIFYING purple potion
  2755 | D:4      | 2755 ||| READING 3 scrolls of identify.
  2755 | D:4      | 2755 ||| IDENTIFYING cyan potion
  2756 | D:4      | 2756 ||| READING 2 scrolls of identify.
  2756 | D:4      | 2756 ||| IDENTIFYING silvery potion
  2757 | D:4      | 2757 ||| DROPPING potion of berserk rage.
  2758 | D:4      | 2758 ||| DROPPING potion of degeneration.
  2759 | D:4      | 2759 ||| DROPPING potion of invisibility.
  2760 | D:4      | 2760 ||| DROPPING potion of flight.
  2765 | Sewer    | Entered a sewer
  2802 | Sewer    | Reached skill level 7 in Axes
  2891 | D:4      | 2891 ||| PLANNING D:1-11
  3002 | D:3      | 3002 ||| Stepping ~*~*~tactically~*~*~ (stealth).
  3004 | D:3      | 3004 ||| Stepping ~*~*~tactically~*~*~ (hiding).
  3007 | D:3      | 3007 ||| Stepping ~*~*~tactically~*~*~ (hiding).
  3009 | D:3      | 3009 ||| Stepping ~*~*~tactically~*~*~ (hiding).
  3010 | D:3      | 3010 ||| Stepping ~*~*~tactically~*~*~ (hiding).
  3184 | D:3      | Noticed Natasha
  3185 | D:3      | 3185 ||| Stepping ~*~*~tactically~*~*~ (stealth).
  3190 | D:3      | Killed Natasha
  3547 | D:3      | 3547 ||| Stepping ~*~*~tactically~*~*~ (hiding).
  3704 | D:3      | 3704 ||| UPGRADING to ring of protection from fire.
  3705 | D:3      | 3705 ||| READING scroll labelled MOYN JEJENYHIPS.
  3762 | D:5      | Entered Level 5 of the Dungeon
  3773 | D:5      | 3773 ||| Stepping ~*~*~tactically~*~*~ (stealth).
  3775 | D:5      | 3775 ||| Stepping ~*~*~tactically~*~*~ (hiding).
  3845 | D:5      | Reached XP level 8. HP: 40/49 MP: 8/8
  3845 | D:5      | 3845 ||| FLEEEEING.
  3846 | D:5      | 3846 ||| FLEEEEING.
  3849 | D:5      | 3849 ||| FLEEEEING.
  3850 | D:5      | 3850 ||| FLEEEEING.
  3851 | D:5      | 3851 ||| FLEEEEING.
  3852 | D:5      | 3852 ||| FLEEEEING.
  3853 | D:5      | 3853 ||| FLEEEEING.
  3854 | D:5      | 3854 ||| FLEEEEING.
  3855 | D:5      | 3855 ||| FLEEEEING.
  3856 | D:5      | 3856 ||| FLEEEEING.
  3859 | D:5      | 3859 ||| FLEEEEING.
  3863 | D:5      | 3863 ||| STAIRDANCE
  3885 | D:4      | 3885 ||| UPGRADING to +0 pair of boots.
  3941 | D:5      | 3941 ||| Stepping ~*~*~tactically~*~*~ (hiding).
  3945 | D:5      | 3945 ||| Stepping ~*~*~tactically~*~*~ (hiding).
  3946 | D:5      | 3946 ||| FLEEEEING.
  3947 | D:5      | 3947 ||| FLEEEEING.
  3948 | D:5      | 3948 ||| FLEEEEING.
  3949 | D:5      | 3949 ||| FLEEEEING.
  3950 | D:5      | 3950 ||| FLEEEEING.
  3951 | D:5      | 3951 ||| FLEEEEING.
  3952 | D:5      | 3952 ||| FLEEEEING.
  4334 | D:5      | 4334 ||| Stepping ~*~*~tactically~*~*~ (hiding).
  4340 | D:5      | Reached skill level 8 in Axes
  4653 | D:5      | 4653 ||| READING scroll labelled DIUTHR SONESH.
  4654 | D:5      | 4654 ||| READING scroll labelled GENUTI AMIMM.
  4655 | D:5      | 4655 ||| READING scroll labelled FASEAT TACOLU.
  4690 | D:5      | 4690 ||| DRINKING 2 bubbling red potions.
  4691 | D:5      | 4691 ||| READING 2 scrolls of identify.
  4691 | D:5      | 4691 ||| IDENTIFYING metallic grey potion
  4707 | D:6      | Found a staircase to the Ecumenical Temple.
  4708 | D:6      | 4708 ||| PLANNING OSSUARY
  4719 | D:6      | 4719 ||| DROPPING +0 flail.
  4724 | D:6      | 4724 ||| DROPPING +0 flail of protection.
  4734 | D:6      | Reached skill level 6 in Fighting
  4807 | D:6      | Noticed Prince Ribbit
  4816 | D:6      | Killed Prince Ribbit
  4824 | D:6      | 4824 ||| FLEEEEING.
  4854 | D:6      | 4854 ||| FLEEEEING.
  4855 | D:6      | 4855 ||| FLEEEEING.
  4856 | D:6      | 4856 ||| FLEEEEING.
  4857 | D:6      | 4857 ||| FLEEEEING.
  4862 | D:6      | 4862 ||| STAIRDANCE
  4924 | D:6      | 4924 ||| Stepping ~*~*~tactically~*~*~ (stealth).
  4925 | D:6      | 4925 ||| Stepping ~*~*~tactically~*~*~ (stealth).
  4935 | D:6      | 4935 ||| Stepping ~*~*~tactically~*~*~ (hiding).
  4944 | D:6      | Reached skill level 9 in Axes
  4944 | D:6      | Reached XP level 9. HP: 50/55 MP: 9/9
  4990 | D:6      | 4990 ||| Stepping ~*~*~tactically~*~*~ (stealth).
  4993 | D:6      | 4993 ||| Stepping ~*~*~tactically~*~*~ (stealth).
  5008 | D:6      | 5008 ||| Stepping ~*~*~tactically~*~*~ (stealth).
  5182 | D:6      | 5182 ||| Stepping ~*~*~tactically~*~*~ (hiding).
  5245 | D:6      | Found a sand-covered staircase.
  5246 | D:6      | 5246 ||| READING scroll labelled HUODISOATU.
  5254 | Ossuary  | Entered an ossuary
  5456 | D:6      | 5456 ||| PLANNING TEMPLE
  5475 | D:6      | Noticed Eustachio
  5492 | D:6      | Killed Eustachio
  5506 | Temple   | Entered the Ecumenical Temple
  5516 | Temple   | 5516 ||| PLANNING OKAWARU WORSHIP
  5523 | Temple   | Became a worshipper of Warmaster Okawaru
  5523 | Temple   | 5523 ||| PLANNING D:1-11
  5593 | D:6      | Found Nief's Antique Weapon Boutique.
  5593 | D:6      | Noticed Menkaure
  5600 | D:6      | Killed Menkaure
  5715 | D:6      | Found a stormy altar of Qazlal.
  5823 | D:7      | Reached skill level 10 in Axes
  5972 | D:7      | Found Heig's One-of-a-Kind Rings.
  5980 | D:7      | 5980 ||| BUYING +1 ring of protection (33 gold).
  5980 | D:7      | Bought a +1 ring of protection for 33 gold pieces
  5980 | D:7      | 5980 ||| SHOPLISTING +8 ring of strength (605 gold, have
                  | 570).
  5980 | D:7      | 5980 ||| SHOPLISTING +9 ring of dexterity (858 gold, have
                  | 570).
  5980 | D:7      | 5980 ||| SHOPLISTING ring "Ninocu" {Fire rPois MP+9 Str+4
                  | Dex-4} (606 gold, have 570).
  5980 | D:7      | 5980 ||| BUYING ring "Piar" {Contam Will+ Int+4} (382
                  | gold).
  5980 | D:7      | Bought the ring "Piar" {Contam Will+ Int+4} for 382 gold
                  | pieces
  5980 | D:7      | 5980 ||| SHOPLISTING ring "Usiat" {Wiz rCorr Str-4 Int+6}
                  | (514 gold, have 188).
  5980 | D:7      | 5980 ||| SHOPLISTING ring "Woumech" {rN++ EV+2} (258 gold,
                  | have 188).
  5980 | D:7      | 5980 ||| SHOPLISTING ring of Attitude {rPois AC+6 Dex+3}
                  | (1050 gold, have 188).
  5993 | D:7      | Found a sacrificial altar of Ru.
  5994 | D:7      | 5994 ||| Stepping ~*~*~tactically~*~*~ (hiding).
  6100 | D:7      | 6100 ||| Stepping ~*~*~tactically~*~*~ (stealth).
  6102 | D:7      | 6102 ||| Stepping ~*~*~tactically~*~*~ (stealth).
  6110 | D:7      | Reached * piety under Okawaru
  6127 | D:7      | 6127 ||| INVOKING Heroism.
  6449 | D:7      | Reached XP level 10. HP: 64/64 MP: 10/10
  6539 | D:7      | 6539 ||| UPGRADING to +1 ring of protection.
  6540 | D:7      | 6540 ||| UPGRADING to ring "Piar" {Contam Will+ Int+4}.
  6542 | D:7      | 6542 ||| READING 3 scrolls of identify.
  6542 | D:7      | 6542 ||| IDENTIFYING red potion
  6543 | D:7      | 6543 ||| DROPPING potion of ambrosia.
  6603 | D:8      | 6603 ||| Stepping ~*~*~tactically~*~*~ (hiding).
  6604 | D:8      | 6604 ||| Stepping ~*~*~tactically~*~*~ (hiding).
  6605 | D:8      | 6605 ||| Stepping ~*~*~tactically~*~*~ (hiding).
  6632 | D:8      | Noticed Maurice
  6647 | D:8      | Killed Maurice
  6648 | D:8      | Reached skill level 1 in Invocations
  6648 | D:8      | 6648 ||| DRINKING 4 potions of curing.
  6648 | D:8      | 6648 ||| (to cure confusion)
  6803 | D:8      | Noticed Maggie
  6815 | D:8      | Killed Maggie
  6816 | D:8      | Reached skill level 3 in Invocations
  6884 | D:8      | 6884 ||| INVOKING Heroism.
  6963 | D:8      | Noticed Pikel
  6964 | D:8      | 6964 ||| Stepping ~*~*~tactically~*~*~ (stealth).
  6966 | D:8      | 6966 ||| Stepping ~*~*~tactically~*~*~ (stealth).
  6967 | D:8      | 6967 ||| Stepping ~*~*~tactically~*~*~ (stealth).
  6970 | D:8      | 6970 ||| Stepping ~*~*~tactically~*~*~ (stealth).
  6971 | D:8      | 6971 ||| Stepping ~*~*~tactically~*~*~ (stealth).
  6982 | D:8      | 6982 ||| Stepping ~*~*~tactically~*~*~ (stealth).
  7017 | D:8      | 7017 ||| Stepping ~*~*~tactically~*~*~ (stealth).
  7024 | D:8      | Killed Pikel
  7024 | D:8      | Reached ** piety under Okawaru
  7025 | D:8      | 7025 ||| FLEEEEING.
  7026 | D:8      | 7026 ||| FLEEEEING.
  7027 | D:8      | 7027 ||| FLEEEEING.
  7028 | D:8      | 7028 ||| FLEEEEING.
  7029 | D:8      | 7029 ||| FLEEEEING.
  7030 | D:8      | 7030 ||| FLEEEEING.
  7031 | D:8      | 7031 ||| FLEEEEING.
  7032 | D:8      | 7032 ||| FLEEEEING.
  7033 | D:8      | 7033 ||| FLEEEEING.
  7034 | D:8      | 7034 ||| FLEEEEING.
  7035 | D:8      | 7035 ||| STAIRDANCE
  7066 | D:7      | 7066 ||| UPGRADING to +0 plate armour.
  7076 | D:7      | 7076 ||| DROPPING +0 chain mail.
  7077 | D:7      | 7077 ||| READING 2 scrolls of identify.
  7077 | D:7      | 7077 ||| IDENTIFYING ruby potion
  7256 | D:9      | 7256 ||| Stepping ~*~*~tactically~*~*~ (hiding).
  7257 | D:9      | 7257 ||| Stepping ~*~*~tactically~*~*~ (hiding).
  7258 | D:9      | 7258 ||| Stepping ~*~*~tactically~*~*~ (hiding).
  7260 | D:9      | 7260 ||| Stepping ~*~*~tactically~*~*~ (hiding).
  7269 | D:9      | 7269 ||| FLEEEEING.
  7270 | D:9      | 7270 ||| FLEEEEING.
  7271 | D:9      | 7271 ||| FLEEEEING.
  7272 | D:9      | 7272 ||| FLEEEEING.
  7273 | D:9      | 7273 ||| FLEEEEING.
  7274 | D:9      | 7274 ||| FLEEEEING.
  7275 | D:9      | 7275 ||| STAIRDANCE
  7294 | D:9      | Noticed a two-headed ogre
  7295 | D:9      | 7295 ||| INVOKING Heroism.
  7296 | D:9      | Noticed a two-headed ogre
  7297 | D:9      | Reached skill level 6 in Armour
  7304 | D:9      | Killed a two-headed ogre
  7305 | D:9      | Reached skill level 11 in Axes
  7310 | D:9      | 7310 ||| STAIRDANCE
  7312 | D:8      | Killed a two-headed ogre
  7312 | D:8      | Reached *** piety under Okawaru
  7313 | D:8      | Reached skill level 9 in Fighting
  7313 | D:8      | Reached XP level 11. HP: 36/71 MP: 14/14
  7461 | D:9      | Found an opulent altar of Gozag.
  7600 | D:9      | 7600 ||| Stepping ~*~*~tactically~*~*~ (stealth).
  7601 | D:9      | 7601 ||| Stepping ~*~*~tactically~*~*~ (stealth).
  7605 | D:9      | 7605 ||| Stepping ~*~*~tactically~*~*~ (stealth).
  7640 | D:9      | 7640 ||| Stepping ~*~*~tactically~*~*~ (hiding).
  7701 | D:9      | Reached **** piety under Okawaru
  7781 | D:9      | Found a glowing silver altar of Zin.
  7782 | D:9      | Noticed an angel
  8047 | D:9      | 8047 ||| UPGRADING to amulet of the acrobat.
  8052 | D:9      | 8052 ||| UPGRADING to +6 ring of dexterity.
  8054 | D:9      | 8054 ||| READING 3 scrolls of identify.
  8054 | D:9      | 8054 ||| IDENTIFYING emerald potion
  8095 | D:10     | Entered Level 10 of the Dungeon
  8118 | D:10     | Noticed a deep elf pyromancer
  8118 | D:10     | Noticed a green ugly thing
  8127 | D:10     | Killed a green ugly thing
  8128 | D:10     | Reached skill level 1 in Throwing
  8128 | D:10     | Killed a deep elf pyromancer
  8132 | D:10     | Reached skill level 3 in Dodging
  8190 | D:10     | Noticed a centaur warrior
  8200 | D:10     | 8200 ||| INVOKING Heroism.
  8201 | D:10     | Killed a centaur warrior
  8274 | D:10     | Found a staircase to the Orcish Mines.
  8517 | D:10     | 8517 ||| INVOKING Heroism.
  8571 | D:10     | Found a white marble altar of Elyvilon.
  8625 | D:10     | 8625 ||| Stepping ~*~*~tactically~*~*~ (stealth).
  8650 | D:10     | 8650 ||| INVOKING Heroism.
  8705 | D:10     | Noticed a centaur warrior
  8708 | D:10     | 8708 ||| DROPPING +1 ring of protection.
  8715 | D:10     | Killed a centaur warrior
  8716 | D:10     | Reached skill level 6 in Invocations
  8875 | D:10     | 8875 ||| FLEEEEING.
  8876 | D:10     | 8876 ||| FLEEEEING.
  8877 | D:10     | 8877 ||| FLEEEEING.
  8878 | D:10     | 8878 ||| FLEEEEING.
  8879 | D:10     | 8879 ||| FLEEEEING.
  8880 | D:10     | 8880 ||| FLEEEEING.
  8881 | D:10     | 8881 ||| FLEEEEING.
  8882 | D:10     | 8882 ||| FLEEEEING.
  8886 | D:10     | Reached ***** piety under Okawaru
  9012 | D:10     | 9012 ||| UPGRADING to +4 ring of slaying {mikee}.
  9014 | D:10     | 9014 ||| DROPPING ring "Piar" {Contam Will+ Int+4}.
  9015 | D:10     | 9015 ||| UPGRADING to ring of protection from fire.
  9034 | D:11     | Noticed a two-headed ogre
  9035 | D:11     | 9035 ||| INVOKING Heroism.
  9041 | D:11     | Killed a two-headed ogre
  9042 | D:11     | Reached skill level 12 in Axes
  9279 | D:11     | Found a staircase to the Lair.
  9305 | D:11     | Noticed a two-headed ogre
  9306 | D:11     | 9306 ||| INVOKING Heroism.
  9312 | D:11     | Killed a two-headed ogre
  9313 | D:11     | Reached skill level 6 in Shields
  9313 | D:11     | Reached XP level 12. HP: 66/76 MP: 14/17
  9385 | D:11     | 9385 ||| Stepping ~*~*~tactically~*~*~ (hiding).
  9641 | D:11     | 9641 ||| PLANNING LAIR
  9668 | Lair:1   | Entered Level 1 of the Lair of Beasts
  9716 | Lair:1   | 9716 ||| INVOKING Heroism.
  9720 | Lair:1   | 9720 ||| Stepping ~*~*~tactically~*~*~ (stealth).
  9728 | Lair:1   | 9728 ||| Stepping ~*~*~tactically~*~*~ (stealth).
  9759 | Lair:1   | Identified the +1 long sword of the Crypt {antimagic, rF+
                  | Will+ Dex+2}
  9849 | Lair:1   | 9849 ||| INVOKING Heroism.
 10135 | Lair:1   | Noticed a death yak
 10136 | Lair:1   | 10136 ||| INVOKING Heroism.
 10136 | Lair:1   | Noticed a catoblepas
 10136 | Lair:1   | Noticed a death yak
 10136 | Lair:1   | Noticed a death yak
 10137 | Lair:1   | 10137 ||| Stepping ~*~*~tactically~*~*~ (stealth).
 10138 | Lair:1   | 10138 ||| INVOKING Finesse.
 10138 | Lair:1   | Noticed a death yak
 10139 | Lair:1   | 10139 ||| Stepping ~*~*~tactically~*~*~ (stealth).
 10140 | Lair:1   | 10140 ||| Stepping ~*~*~tactically~*~*~ (stealth).
 10141 | Lair:1   | Noticed a death yak
 10151 | Lair:1   | Killed a death yak
 10152 | Lair:1   | Reached skill level 9 in Armour
 10152 | Lair:1   | Killed a death yak
 10153 | Lair:1   | Reached skill level 9 in Invocations
 10156 | Lair:1   | Killed a death yak
 10156 | Lair:1   | Received a gift from Okawaru
 10159 | Lair:1   | Killed a catoblepas
 10162 | Lair:1   | Killed a death yak
 10164 | Lair:1   | Killed a death yak
 10173 | Lair:1   | 10173 ||| Stepping ~*~*~tactically~*~*~ (stealth).
 10275 | Lair:1   | 10275 ||| INVOKING Heroism.
 10369 | Lair:1   | 10369 ||| INVOKING Heroism.
 10430 | Lair:1   | 10430 ||| INVOKING Heroism.
 10659 | Lair:1   | 10659 ||| UPGRADING to +0 helmet of intelligence.
 10660 | Lair:1   | 10660 ||| UPGRADING to +0 helmet of intelligence.
 10661 | Lair:1   | 10661 ||| UPGRADING to +0 helmet of intelligence.
 10663 | Lair:1   | 10663 ||| UPGRADING to +0 helmet of intelligence.
 10664 | Lair:1   | 10664 ||| UPGRADING to +0 helmet of intelligence.
 10665 | Lair:1   | 10665 ||| UPGRADING to +0 helmet of intelligence.
 10666 | Lair:1   | 10666 ||| UPGRADING to +0 helmet of intelligence.
 10667 | Lair:1   | 10667 ||| UPGRADING to +0 helmet of intelligence.
 10668 | Lair:1   | 10668 ||| UPGRADING to +0 helmet of intelligence.
 10670 | Lair:1   | 10670 ||| UPGRADING to +0 helmet of intelligence.
 10675 | Lair:1   | 10675 ||| UPGRADING to +0 helmet of intelligence.
 10680 | Lair:1   | 10680 ||| DROPPING +1 hat.
 10681 | Lair:1   | 10681 ||| UPGRADING to +0 pair of gloves.
 10694 | Lair:1   | 10694 ||| FLEEEEING.
 10991 | Lair:2   | Reached XP level 13. HP: 61/82 MP: 20/20
 10999 | Lair:2   | Reached skill level 13 in Axes
 11003 | Lair:2   | 11003 ||| FLEEEEING.
 11004 | Lair:2   | 11004 ||| FLEEEEING.
 11005 | Lair:2   | 11005 ||| STAIRDANCE
 11112 | Lair:1   | 11112 ||| FLEEEEING.
 11113 | Lair:1   | 11113 ||| FLEEEEING.
 11114 | Lair:1   | 11114 ||| FLEEEEING.
 11115 | Lair:1   | 11115 ||| FLEEEEING.
 11119 | Lair:1   | 11119 ||| FLEEEEING.
 11260 | Lair:1   | 11260 ||| FLEEEEING.
 11261 | Lair:1   | 11261 ||| FLEEEEING.
 11262 | Lair:1   | 11262 ||| FLEEEEING.
 11263 | Lair:1   | 11263 ||| FLEEEEING.
 11264 | Lair:1   | 11264 ||| FLEEEEING.
 11265 | Lair:1   | 11265 ||| FLEEEEING.
 11266 | Lair:1   | 11266 ||| FLEEEEING.
 11414 | Lair:2   | 11414 ||| Stepping ~*~*~tactically~*~*~ (stealth).
 11432 | Lair:2   | 11432 ||| Stepping ~*~*~tactically~*~*~ (stealth).
 11433 | Lair:2   | 11433 ||| Stepping ~*~*~tactically~*~*~ (stealth).
 11480 | Lair:2   | 11480 ||| INVOKING Heroism.
 11481 | Lair:2   | 11481 ||| INVOKING Finesse.
 11485 | Lair:2   | 11485 ||| SWAPPING to +1 flail of protection.
 11496 | Lair:2   | 11496 ||| SWAPPING to +4 spectral war axe.
 11512 | Lair:2   | 11512 ||| Stepping ~*~*~tactically~*~*~ (stealth).
 11513 | Lair:2   | 11513 ||| Stepping ~*~*~tactically~*~*~ (stealth).
 11516 | Lair:2   | 11516 ||| Stepping ~*~*~tactically~*~*~ (stealth).
 11543 | Lair:2   | 11543 ||| INVOKING Heroism.
 12154 | Lair:2   | Found the +16 obsidian axe {drain, demonic, Mesm Drain Fly
                  | SInv}
 12163 | Lair:2   | 12163 ||| SWAPPING to +16 obsidian axe {drain, demonic,
                  | Mesm Drain Fly SInv}.
 12164 | Lair:2   | 12164 ||| DROPPING +4 spectral war axe.
 12167 | Lair:2   | You are sucked into a shaft and drop 1 floor!
 12189 | Lair:3   | 12189 ||| INVOKING Heroism.
 12209 | Lair:3   | 12209 ||| INVOKING Heroism.
 12237 | Lair:3   | Reached skill level 14 in Axes
 12319 | Lair:3   | Found a frozen archway.
 12333 | Lair:3   | 12333 ||| INVOKING Heroism.
 12472 | Lair:3   | Found a staircase to the Shoals.
 12550 | Lair:3   | 12550 ||| UPGRADING to +5 ring of evasion.
 12552 | Lair:3   | 12552 ||| DROPPING +6 ring of dexterity.
 12553 | Lair:3   | 12553 ||| DROPPING ring of flight.
 12554 | Lair:3   | 12554 ||| DROPPING ring of positive energy.
 12555 | Lair:3   | 12555 ||| UPGRADING to +4 ring of slaying {mikee}.
 12557 | Lair:3   | 12557 ||| READING 6 scrolls of identify.
 12557 | Lair:3   | 12557 ||| IDENTIFYING metallic yellow potion
 12838 | Lair:3   | 12838 ||| Stepping ~*~*~tactically~*~*~ (stealth).
 12932 | Lair:3   | 12932 ||| FLEEEEING.
 12933 | Lair:3   | 12933 ||| FLEEEEING.
 12934 | Lair:3   | 12934 ||| FLEEEEING.
 12935 | Lair:3   | 12935 ||| FLEEEEING.
 12936 | Lair:3   | 12936 ||| INVOKING Heroism.
 13144 | Lair:3   | 13144 ||| Stepping ~*~*~tactically~*~*~ (stealth).
 13145 | Lair:3   | 13145 ||| INVOKING Heroism.
 13173 | Lair:3   | Received a gift from Okawaru
 13218 | Lair:3   | Found a hole to the Spider Nest.
 13251 | Lair:3   | Noticed Rupert
 13252 | Lair:3   | 13252 ||| INVOKING Heroism.
 13253 | Lair:3   | 13253 ||| INVOKING Finesse.
 13261 | Lair:3   | HP: 15/84 [Rupert/+2 heavy battleaxe (20)]
 13262 | Lair:3   | 13262 ||| READING 9 scrolls of teleportation.
 13262 | Lair:3   | Annihilated by Rupert

Levels and vault maps discovered:
D:1:      dpeg_arrival_stonehenge_8_columns, layout_rooms
D:2:      layout_basic, basic_altar, shapermc_ecumenical_altar_hornbeckon,
          grunt_ministairs_4, minmay_tetromino_i4, uniq_sigmund
D:3:      layout_loops_ring, trog_hazing_becter, uniq_natasha
D:4:      layout_rooms, nicolae_yredelemnul_ghost_church, portal_sewer_entry_e
D:5:      layout_basic
D:6:      layout_cave_pools, nicolae_qazlal_general_emergency,
          minmay_temple_entry_sparse_star, serial_shops, shop, enter_ossuary_4,
          uniq_eustachio, uniq_menkaure, uniq_prince_ribbit1
D:7:      layout_loops_cross, nicolae_ru_awakened_eye, nicolae_shop_unique_rings
D:8:      layout_rooms, uniq_pikel, uniq_maurice, uniq_maggie
D:9:      layout_layer_cave, zin_angel, nicolae_gozag_seed_capital
D:10:     layout_irregular_city, elyvilon_altar_4, orc_0_dummy,
          serial_column_ruins, column_ruins_pillar_2, column_ruins_pillar_2,
          column_ruins_pillar_4, column_ruins_pillar_4, column_ruins_pillar_3,
          column_ruins_pillar_3, column_ruins_pillar_3, column_ruins_pillar_1,
          column_ruins_pillar_3, column_ruins_pillar_3, column_ruins_pillar_1,
          column_ruins_pillar_2, column_ruins_pillar_3, column_ruins_pillar_3,
          kb_rosetta
D:11:     layout_rooms, lair_entry_dummy, interstate_on_off
Temple:   hellmonk_temple_two_chambers
Lair:1:   layout_cave_pods, special_room [special_room_bee],
          chequers_serial_rivers_marsh, minivault_11,
          nicolae_lair_liquid_snakes, grunt_megastairs_4
Lair:2:   layout_layer_cave, dreamdust_deal_with_the_devil, lemuel_fruit_fields,
          grunt_megastairs_3
Lair:3:   dreamdust_isle_of_ice, layout_cellular_growth,
          minmay_shoals_entry_centaurs, nicolae_spider_entry_tight_spaces,
          portal_ice_cave_rime, lemuel_fruit_fields, uniq_rupert

Skill      XL: |  1  2  3  4  5  6  7  8  9 10 11 12 13 |
---------------+----------------------------------------+-----
Axes           | 2 3 5 6 7 9 10 11 12 14 | 14.1
Fighting       | 4 5 6 8 9 10 11 | 11.0
Dodging        | 1 2 3 |  3.0
Armour         | 4 5 7 8 10 11 | 11.0
Shields        | 4 5 6 7 |  7.1
Invocations    | 4 7 10 | 10.0
Throwing       | 1 |  1.6

Action                     |  1- 3 |  4- 6 |  7- 9 | 10-12 | 13-15 || total
---------------------------+-------+-------+-------+-------+-------++-------
  Melee: War axe           |    87 |    63 |   290 |   294 |    32 ||   766
         Broad axe         |       |       |       |       |   106 ||   106
         Flail             |       |       |       |       |    10 ||    10
  Throw: Boomerang         |       |     5 |     2 |    15 |       ||    22
 Invoke: Heroism           |       |       |     1 |    13 |     8 ||    22
         Finesse           |       |       |       |     1 |     2 ||     3
    Use: Scroll            |     8 |     4 |    13 |     3 |     2 ||    30
         Potion            |       |     1 |     4 |     1 |       ||     6
   Stab: Distracted        |       |       |     2 |     5 |       ||     7
 Armour: Scale mail        |    44 |       |       |       |       ||    44
         Chain mail        |     5 |    16 |   117 |    16 |       ||   154
         Plate armour      |       |       |       |   121 |    77 ||   198
  Dodge: Dodged            |    37 |     9 |    70 |   107 |    69 ||   292
  Block: Buckler           |    16 |     7 |    44 |    58 |    26 ||   151

Table legend:
 A = Non-vault XP
 B = Vault XP
 C = Vault XP percentage of total XP
 D = Non-vault monster count
 E = Vault monster count
 F = Vault count percentage of total count
                 A         B        C        D         E       F
            +---------+---------+-------+---------+---------+-------
      Total |   29281 |   20846 |  41.6 |     274 |     120 |  30.5
            +---------+---------+-------+---------+---------+-------
        D:1 |      54 |       0 |   0.0 |      28 |       0 |   0.0
        D:2 |     119 |     226 |  65.5 |      27 |       8 |  22.9
        D:3 |     111 |      43 |  27.9 |      18 |       6 |  25.0
        D:4 |     322 |      56 |  14.8 |      11 |      10 |  47.6
        D:5 |     696 |       0 |   0.0 |      21 |       0 |   0.0
        D:6 |     882 |     635 |  41.9 |      24 |       5 |  17.2
        D:7 |     664 |       0 |   0.0 |      11 |       0 |   0.0
        D:8 |    1696 |    1429 |  45.7 |      23 |       3 |  11.5
        D:9 |    3204 |       0 |   0.0 |      14 |       0 |   0.0
       D:10 |    2500 |    2773 |  52.6 |      30 |       5 |  14.3
       D:11 |    3102 |       0 |   0.0 |       7 |       0 |   0.0
     Lair:1 |    4204 |    6668 |  61.3 |      17 |      31 |  64.6
     Lair:2 |    2654 |    2894 |  52.2 |      11 |       9 |  45.0
     Lair:3 |    9073 |    5214 |  36.5 |      32 |      21 |  39.6
      Sewer |       0 |     162 | 100.0 |       0 |       7 | 100.0
    Ossuary |       0 |     746 | 100.0 |       0 |      15 | 100.0
            +---------+---------+-------+---------+---------+-------
